 Dungeon Crawl Stone Soup version 0.24-a0-586-g8e0e932a4c (webtiles) character file.

Game seed: 7300377820892260360, levelgen mode: deterministic

1689 Mithandil the Destroyer (level 9, -3/51 HPs)
             Began as a Tengu Conjurer on Sept 8, 2019.
             Was an Initiate of Vehumet.
             Splashed by an acid dragon's acid (8 damage)
             ... on level 8 of the Dungeon.
             The game lasted 00:39:58 (8164 turns).

Mithandil the Destroyer (Tengu Conjurer)            Turns: 8164, Time: 00:39:59

Health: -3/51      AC:  8    Str: 10 (12) XL:     9   Next: 2%
Magic:  3/16       EV: 13    Int: 18      God:    Vehumet [......]
Gold:   458        SH:  8    Dex: 12 (14) Spells: 11/18 levels left

rFire    + . .     SeeInvis .   a - +0 trident (elec)
rCold    . . .     Gourm    +   p - +0 shield
rNeg     . . .     Faith    .   w - +2 leather armour {rF+}
rPois    +         Spirit   .   (helmet restricted)
rElec    .         Reflect  .   C - +2 cloak {rPois}
rCorr    .         Harm     .   (no gloves)
MR       .....                  (boots unavailable)
Stlth    ++........             h - amulet of the gourmand
HPRegen  0.17/turn              (no ring)
MPRegen  0.15/turn              (no ring)

@: flying quickly and evasively, quick
A: beak, talons 3, low mp 1, strong 1, able to fly
a: Stop Flying, Renounce Religion


You were on level 8 of the Dungeon.
You worshipped Vehumet.
Vehumet was noncommittal.
You were completely stuffed.

You visited 2 branches of the dungeon, and saw 9 of its levels.

You collected 458 gold pieces.

Inventory:

Hand Weapons
 a - a +0 trident of electrocution (weapon)
 b - a +0 hunting sling
 m - a +0 dagger
 t - a +1 flail of crushing
 v - a +1 dagger of protection
 D - a +3 quarterstaff of chaos
Missiles
 f - 163 stones
 i - 83 sling bullets
 k - 52 arrows
 n - 2 boomerangs (quivered)
 q - 13 bolts
 u - 5 silver boomerangs
Armour
 g - a +0 ring mail
 p - a +0 shield (worn)
 w - a +2 leather armour of fire resistance (worn)
 A - a +2 chain mail of magic resistance
 C - a +2 cloak of poison resistance (worn)
Magical Staves
 j - an uncursed staff of air
Jewellery
 h - an amulet of the gourmand (around neck)
Scrolls
 d - a scroll of fear
 e - a scroll of enchant armour
 r - 4 scrolls of remove curse
 x - a scroll of identify
Potions
 s - 2 potions of lignification
 B - a potion of curing
Comestibles
 c - 16 rations
 z - 3 chunks of flesh


   Skills:
 + Level 3.4 Fighting
 * Level 3.2 Polearms
 + Level 4.4 Dodging
 + Level 4.3 Stealth
 + Level 4.0 Shields
 * Level 5.2 Spellcasting
 * Level 8.6 Conjurations


You had 11 spell levels left.
You knew the following spells:

 Your Spells              Type           Power        Failure   Level  Hunger
a - Magic Dart            Conj           ####         1%          1    None
b - Searing Ray           Conj           #####.       3%          2    #......
c - Force Lance           Conj/Tloc      ###.....     77%         4    ####...

Your spell library contained the following spells:

 Spells                   Type           Power        Failure   Level  Hunger
 Iskenderun's Mystic Bla  Conj           #####...     21%         4    ####...
 Dazzling Spray           Conj/Hex       ###...       36%         3    ##.....
 Fulminant Prism          Conj/Hex       ###.......   77%         4    ####...


Dungeon Overview and Level Annotations

Branches:
Dungeon (8/15)             Temple (1/1) D:5
   Lair: D:8-11

Altars:
Ashenzari
Cheibriados
Dithmenos
Elyvilon
Fedhas
Gozag
Hepliaklqana
Kikubaaqudgha
Makhleb
Nemelex Xobeh
Qazlal
Ru
Sif Muna
Trog
Uskayaw
Vehumet
Wu Jian
Xom
Yredelemnul
Zin

Annotations:
D:2 2 transporters


Innate Abilities, Weirdness & Mutations

You have a beak for a mouth.
You have claws for feet.
You can fly continuously.
Your magical capacity is low. (-10% MP)
Your muscles are strong. (Str +2)


Message History

You kill the orc priest!
Vehumet accepts your kill.
You finish channeling your searing ray.
An iguana comes into view.
You block the acid dragon's attack. x2
Casting: Searing Ray (safe; 3% risk of failure)
Confirm with . or Enter, or press ? or * to list all spells.
Aiming: Searing Ray (safe; 3% risk of failure)
Press: ? - help, Shift-Dir - straight line, f - orc warrior
Aim: an orc warrior, wielding a +0 trident and wearing a +0 plate armour The searing ray hits the acid dragon.
The acid dragon is moderately wounded. (Press . to maintain the ray.)
The iguana hisses angrily.
The orc warrior hits you from afar with a +0 trident!!
The acid dragon spits acid at you. The splash of acid hits you!
* * * LOW HITPOINT WARNING * * *
You are splashed with acid!
You die...

#......)...%.
#...........
#.....?l...
#.........#
#.........#
#.....oo[.#
#o# #D# #@#
#<# ###


You could see an orc warrior, an acid dragon, an iguana and 2 orcs.

Vanquished Creatures
  Sigmund (D:5)
  A sky beast (D:6)
  3 ice beasts
  A phantom (D:5)
  2 ogres
  A scorpion (D:4)
  A howler monkey (D:5)
  A quasit (D:5)
  3 hounds
  A jelly (D:7)
  3 orc priests
  Crazy Yiuf (D:7)
  2 orc wizards (D:4)
  2 iguanas
  6 worker ants
  Robin (D:2)
  3 gnolls (D:7)
  10 adders
  A shadow imp (D:6)
  An ooze (D:4)
  3 worms
  4 dart slugs
  3 leopard geckos
  28 orcs
  3 ball pythons
  5 giant cockroaches
  16 goblins
  9 hobgoblins
  5 jackals
  3 quokkas
  11 bats
  3 frilled lizards
  7 kobolds
  2 quokka skeletons (D:4)
  6 rats
153 creatures vanquished.

Notes
Turn   | Place    | Note
-------+----------+-------------------------------------------
     0 | D:1      | Mithandil the Tengu Conjurer began the quest for the Orb.
     0 | D:1      | Reached XP level 1. HP: 10/10 MP: 4/4
   235 | D:1      | Reached XP level 2. HP: 6/16 MP: 0/6
   239 | D:1      | Learned a level 2 spell: Searing Ray
   578 | D:1      | Reached XP level 3. HP: 20/20 MP: 2/7
  1015 | D:1      | Reached skill level 1 in Fighting
  1348 | D:2      | Found an ornate altar of the Wu Jian Council.
  1349 | D:2      | Noticed an ogre
  1350 | D:2      | Found a transporter.
  1361 | D:2      | Found a transporter.
  1408 | D:2      | Reached XP level 4. HP: 16/25 MP: 3/9
  1547 | D:2      | Found a shadowy altar of Dithmenos.
  1623 | D:2      | Noticed Robin
  1632 | D:2      | Killed Robin
  1632 | D:2      | Reached skill level 6 in Conjurations
  1815 | D:3      | Gained mutation: You can fly continuously. [Tengu growth]
  1815 | D:3      | Reached XP level 5. HP: 15/29 MP: 2/10
  1830 | D:2      | Learned a level 4 spell: Force Lance
  2180 | D:2      | You fall into a shaft and drop 1 floor!
  2657 | D:3      | Gained mutation: Your magical capacity is low. (-10% MP)
                  | [potion of mutation]
  2657 | D:3      | Gained mutation: Your muscles are strong. (Str +2) [potion
                  | of mutation]
  3529 | D:4      | Reached skill level 1 in Shields
  3529 | D:4      | Reached XP level 6. HP: 12/35 MP: 3/11
  3967 | D:4      | Reached skill level 1 in Polearms
  4592 | D:4      | Reached skill level 7 in Conjurations
  4592 | D:4      | Reached XP level 7. HP: 40/40 MP: 3/12
  4767 | D:5      | Entered Level 5 of the Dungeon
  5240 | D:5      | Found a staircase to the Ecumenical Temple.
  5648 | D:4      | Reached XP level 8. HP: 45/45 MP: 7/14
  5788 | Temple   | Entered the Ecumenical Temple
  5912 | Temple   | Became a worshipper of Vehumet
  6237 | D:5      | Found a sacrificial altar of Ru.
  6418 | D:5      | Reached skill level 8 in Conjurations
  6455 | D:5      | Noticed Sigmund
  6462 | D:5      | Killed Sigmund
  6836 | D:6      | Found a basalt altar of Yredelemnul.
  6979 | D:6      | Found a white marble altar of Elyvilon.
  7138 | D:6      | You are sucked into a shaft and drop 2 floors!
  7251 | D:6      | Found a shimmering altar of Xom.
  7376 | D:7      | Reached skill level 5 in Spellcasting
  7742 | D:7      | Found a shattered altar of Ashenzari.
  8087 | D:7      | Found a runed translucent door.
  8088 | D:7      | Noticed Crazy Yiuf
  8095 | D:7      | Killed Crazy Yiuf
  8095 | D:7      | Reached XP level 9. HP: 51/51 MP: 11/16
  8164 | D:8      | Splashed by an acid dragon's acid

Levels and vault maps discovered:
D:1:      sevenhm_arrival_forest_fort_large_4, layout_loops_ring
D:2:      layout_loops_cross, gammafunk_temple_overflow_arena,
          grunt_dithmenos_smoke_and_mirrors, first_ration, uniq_robin
D:3:      layout_loops_ring, minmay_misc_feat_enclosed, minmay_statues_item
D:4:      layout_basic
D:5:      layout_rooms, nicolae_overflow_hidden_temple, temple_pool_b,
          uniq_sigmund
D:6:      layout_loops_ring, kennysheep_ying_yang, kennysheep_mini
D:7:      layout_basic, nicolae_ashenzari_panopticon,
          lemuel_coloured_pillars_altar, the_bakery, uniq_crazy_yiuf_cottage
D:8:      layout_basic, tso_oasis_becter, erik_lair_orcish_takeover,
          gammafunk_ghost_hydra_chop, uniq_erica
Temple:   nicolae_temple_figure_eight

Skill      XL: |  1  2  3  4  5  6  7  8 |
---------------+-------------------------+-----
Fighting       | 1 2 3 |  3.4
Spellcasting   | 3 4 5 |  5.2
Conjurations   | 6 7 8 |  8.6
Dodging        | 3 4 |  4.4
Shields        | 1 2 4 |  4.0
Polearms       | 1 2 3 |  3.2
Stealth        | 3 4 |  4.3

Action                   |  1- 3 |  4- 6 |  7- 9 || total
-------------------------+-------+-------+-------++-------
Melee: Unarmed           |     8 |       |       ||     8
       Kick              |     5 |    15 |     7 ||    27
       Dagger            |    15 |    16 |       ||    31
       Peck              |     1 |     3 |     9 ||    13
       Trident           |       |    37 |    42 ||    79
 Cast: Magic Dart        |    59 |    74 |    90 ||   223
       Searing Ray       |     5 |    17 |    29 ||    51
 Abil: Fly               |       |     1 |       ||     1
  Use: Potion            |     2 |     2 |     3 ||     7
       Scroll            |       |     4 |     9 ||    13
 Stab: Distracted        |       |     1 |       ||     1
  Eat: Chunk             |     9 |    16 |    11 ||    36
Armor: Robe              |     2 |     7 |       ||     9
       Leather armour    |       |    11 |     8 ||    19
       Ring mail         |       |     2 |    24 ||    26
Dodge: Dodged            |    16 |    68 |    92 ||   176
Block: Buckler           |       |     7 |    23 ||    30
       Shield            |       |       |     4 ||     4

Table legend:
 A = Non-vault XP
 B = Vault XP
 C = Vault XP percentage of total XP
 D = Non-vault monster count
 E = Vault monster count
 F = Vault count percentage of total count
                 A         B        C        D         E       F
            +---------+---------+-------+---------+---------+-------
      Total |    2099 |     314 |  13.0 |     139 |      14 |   9.2
            +---------+---------+-------+---------+---------+-------
        D:1 |      45 |       0 |   0.0 |      26 |       0 |   0.0
        D:2 |      84 |      34 |  28.8 |      20 |      11 |  35.5
        D:3 |     121 |       0 |   0.0 |      23 |       0 |   0.0
        D:4 |     571 |       2 |   0.3 |      32 |       1 |   3.0
        D:5 |     595 |     238 |  28.6 |      16 |       1 |   5.9
        D:6 |     283 |       0 |   0.0 |       7 |       0 |   0.0
        D:7 |     314 |      40 |  11.3 |      12 |       1 |   7.7
        D:8 |      86 |       0 |   0.0 |       3 |       0 |   0.0
            +---------+---------+-------+---------+---------+-------
